 Dungeon Crawl Stone Soup version 0.31.0-4-g52a2dc7128 (webtiles) character file.

Game seed: 16568103336813231274

9 BeingJoeMalik the Sneak (level 2, -5/16 HPs)
             Began as a Vine Stalker Delver on Jan 23, 2024.
             Killed from afar by a white imp (6 damage)
             ... with a puff of frost
             ... on level 5 of the Dungeon.
             The game lasted 00:01:48 (187 turns).

BeingJoeMalik the Sneak (Vine Stalker Delver)        Turns: 187, Time: 00:01:49

Health: -5/16      AC:  3    Str: 14    XL:     2   Next: 12%
Magic:  0/3        EV: 11    Int: 10    God:
Gold:   0          SH:  0    Dex: 15    Spells: 1/1 levels left

rFire   . . .        a - +0 mace
rCold   . . .        (no shield)
rNeg    . . .        b - +0 leather armour
rPois   .            (no helmet)
rElec   .            (no cloak)
rCorr   .            (no gloves)
SInv    .            (no boots)
Will    .....        (no amulet)
Stlth   +++          (no ring)
HPRegen 1.02/turn    (no ring)
MPRegen 0.08/turn

%: guardian spirit
@: no status effects
A: fangs 2, regeneration 1, magic shield, antimagic bite, no potion heal 2
a: no special abilities


You were on level 5 of the Dungeon.
You visited 1 branch of the dungeon, and saw 2 of its levels.

Inventory:

Hand Weapons
 a - a +0 mace (weapon)
Armour
 b - a +0 leather armour (worn)
Wands
 g - a wand of digging (3)
Scrolls
 c - a scroll of fog
 d - a scroll of revelation
 e - a scroll of fear
Potions
 f - a potion of haste
 h - a potion of curing {unknown}


   Skills:
 + Level 2.8 Fighting
 + Level 1.8 Maces & Flails
 + Level 1.6 Dodging
 + Level 6.4 Stealth


You had one spell level left.
You didn't know any spells.
Your spell library was empty.

Dungeon Overview and Level Annotations

Branches:
Dungeon (6/15)
 Temple: D:4-7

Altars:
Elyvilon


Innate Abilities, Weirdness & Mutations

You have extremely sharp teeth.
Your natural rate of healing is unusually fast.
When hurt, damage is shared between your health and your magic reserves.
Your bite disrupts and absorbs the magic of your enemies.
Potions cannot restore your health.


Message History

You are poisoned.
The adder poisons you!
You miss the adder. Your bite misses the adder.
The adder is almost dead.
You feel sick. The adder misses you.
Unknown command.
You sock the adder!
You kill the adder!
You feel sick.
You have reached level 2!
You start resting.
You feel sick. x2
You are no longer poisoned.
You start resting.
HP restored.
Found 12 gold pieces.
An orc priest comes into view. It is wielding a +0 club.
Found a stone staircase leading down.
Found a stone staircase leading down.
There is a stone staircase leading down here.
Found a white marble altar of Elyvilon.
You enter the shallow water.
Moving in this stuff is going to be slow.
There is a stone staircase leading down here.
A white imp comes into view.
The white imp moves out of view.
The white imp shouts, "Get thee gone, thou dankish kobold-kissing haggard!"
The white imp gestures at you. The puff of frost hits you!
Ouch! That really hurt!
The white imp hits you. The white imp freezes you.
* * * LOW HITPOINT WARNING * * *
You closely miss the white imp.
You bite the white imp, but do no damage.
The white imp hits you.
* * * LOW HITPOINT WARNING * * *
The white imp freezes you.
* * * LOW HITPOINT WARNING * * *
The white imp gestures at you. The puff of frost hits you!
You die...

#.###.########.#.....######
#.....# #.##...## #######
#.###### ####.######
#.........# #.##.####.#
#.##.# #.##.# #@##.. #5##..
#.....# #........ #.#...###
#.##.## ..# .# ### #


You could see a white imp.

Vanquished Creatures
  An adder (D:5)
1 creature vanquished.

Notes
Turn   | Place    | Note
-------+----------+-------------------------------------------
     0 | D:5      | BeingJoeMalik the Vine Stalker Delver began the quest for
                  | the Orb.
     0 | D:5      | Reached XP level 1. HP: 11/11 MP: 2/2
    59 | D:5      | Reached XP level 2. HP: 10/16 MP: 3/3
   117 | D:5      | Found a white marble altar of Elyvilon.
   187 | D:5      | Killed from afar by a white imp

Illustrated notes

Levels and vault maps discovered:
D:5:      layout_loops_corners, elyvilon_altar_4
D:6:      layout_loops_ring, marbit_many_paths, kennysheep_another_room,
          serial_library_regret_index_headful, uniq_duvessa

Action                     || total
---------------------------++-------
  Melee: Mace              ||    19
         Bite              ||     3
 Armour: Leather armour    ||    16
  Dodge: Dodged            ||    17
